 Dungeon Crawl Stone Soup version 0.30.1-3-gfc49f6343a (webtiles) character file.

Game seed: 553660510870489370

100735 Zeor the Thaumaturge (level 15, 0/117 HPs)
             Began as a Black Draconian Cinder Acolyte on July 20, 2023.
             Was a Priest of Hepliaklqana.
             Succumbed to something's dark miasma
             ... on level 14 of the Dungeon on July 21, 2023.
             The game lasted 02:33:24 (33857 turns).

Zeor the Thaumaturge (DrCA)                        Turns: 33857, Time: 02:33:24

Health: 0/117      AC: 17    Str: 17    XL:     15   Next: 81%
Magic:  11/42      EV: 14    Int: 32    God:    Hepliaklqana [***...]
Gold:   1138       SH:  0    Dex:  6    Spells: 3/41 levels left

rFire   . . .        a - +9 longbow "Saurhoasch" {drain, rC+ rN+ Str+5 Stlth-}
rCold   + + .        (shield currently unavailable)
rNeg    + . .        (body armour unavailable)
rPois   +            r - +3 hat of Pondering {ponderous, Will+ MP+10 Int+5}
rElec   +            T - +0 cloak "Zemun" {rElec rC+ Str-5 Int+5}
rCorr   .            U - +1 pair of gloves
SInv    .            w - +1 pair of boots
Will    ++...        (no amulet)
Stlth   +            D - ring of poison resistance
HPRegen 0.39/turn    g - ring of wizardry
MPRegen 0.28/turn

%: wizardry (x1)
@: lethally poisoned (0 -> -5), short of breath, flying, very slightly
contaminated, slowed, very slow
A: reduced essence, breathe lightning, AC +9, unfitting armour, big wings,
electricity resistance, cold-blooded
a: Breathe Lightning, Renounce Religion, Recall Ancestor, Ancestor Identity,
Transference


You were on level 14 of the Dungeon.
You worshipped Hepliaklqana.
Hepliaklqana was most pleased with you.
You visited 4 branches of the dungeon, and saw 23 of its levels.

You collected 2097 gold pieces.
You spent 959 gold pieces at shops.

Inventory:

Hand Weapons
 a - the +9 longbow "Saurhoasch" (weapon) {drain, rC+ rN+ Str+5 Stlth-}
   (You acquired it on level 1 of the Dungeon)

   Str:       It affects your strength (+5).
   rC:        It protects you from cold.
   rN:        It protects you from negative energy.
   Stlth:     It makes you less stealthy.
 b - the +2 lajatang "Laurghy" {venom, rPois MP-9 Int+4 Stlth+}
   (You acquired it on level 1 of the Dungeon)

   Int:       It affects your intelligence (+4).
   rPois:     It protects you from poison.
   MP:        It affects your magic capacity (-9).
   Stlth:     It makes you more stealthy.
 y - a +3 scimitar of flaming
 H - the +6 arbalest "Orb Guardian's Regret" {flame, rF+ Will+ Int-4}
   (You found it on level 5 of the Lair of Beasts)

   Int:       It affects your intelligence (-4).
   rF:        It protects you from fire.
   Will:      It increases your willpower.
Missiles
 k - a throwing net
 l - 6 curare-tipped darts
Armour
 r - the +3 hat of Pondering (worn) {ponderous, Will+ MP+10 Int+5}
   (You took it off Gastronok on level 12 of the Dungeon)

   Int:       It affects your intelligence (+5).
   MP:        It affects your magic capacity (+10).
   Will:      It increases your willpower.
 w - a +1 pair of boots (worn)
 T - the +0 cloak "Zemun" (worn) {rElec rC+ Str-5 Int+5}
   (You found it on level 12 of the Dungeon)

   Str:       It affects your strength (-5).
   Int:       It affects your intelligence (+5).
   rC:        It protects you from cold.
   rElec:     It insulates you from electricity.
 U - a +1 pair of gloves (worn)
Magical Staves
 c - a staff of air
 e - the staff of fire "Hystribb" {rF+ rCorr Dex+6 Stlth-}
   (You acquired it on level 1 of the Dungeon)

   [staff of fire]

   Base accuracy: +5 Base damage: 5 Base attack delay: 1.2 This weapon's minimum
   attack delay (0.6) is reached at skill level 12.
   Dex:       It affects your dexterity (+6).
   rF:        It protects you from fire.
   rCorr:     It protects you from acid and corrosion.
   Stlth:     It makes you less stealthy.
   It falls into the 'Staves' category.
   It is a one-handed weapon.
Jewellery
 g - a ring of wizardry (right hand)
 h - a ring of ice
 v - a ring of see invisible
 B - a ring of protection from fire
 D - a ring of poison resistance (left hand)
 N - a ring of ice
Wands
 s - a wand of mindburst (45)
 t - a wand of paralysis (16)
 A - a wand of digging (1)
 C - a wand of roots (13)
 G - a wand of flame (17)
 M - a wand of polymorph (5)
Scrolls
 n - 3 scrolls of poison
 x - 2 scrolls of enchant weapon
 E - 2 scrolls of magic mapping
 F - a scroll of silence
 I - 2 scrolls of fear
 K - 4 scrolls of fog
 L - 5 scrolls of identify
 R - a scroll of amnesia
 S - a scroll of immolation
Potions
 d - 3 potions of haste
 f - 7 potions of curing
 i - 7 potions of lignification
 j - 3 potions of cancellation
 m - 3 potions of flight
 o - 3 potions of magic
 p - 4 potions of brilliance
 q - a potion of berserk rage
 u - 3 potions of ambrosia
 z - a potion of invisibility
 O - a potion of resistance
 P - 3 potions of might
 Q - 2 potions of heal wounds


   Skills:
 + Level 11.6 Fighting
 + Level 3.6 Long Blades
 + Level 9.8 Staves
 + Level 12.7 Ranged Weapons
 * Level 11.2 Dodging
 + Level 3.9 Stealth
 * Level 13.7 Spellcasting
 + Level 2.8 Conjurations
 + Level 2.6 Hexes
 + Level 0.2 Necromancy
 + Level 2.5 Translocations
 + Level 3.8 Transmutations
 + Level 4.6 Fire Magic
 + Level 1.2 Ice Magic
 * Level 9.4 Air Magic
 + Level 6.0 Poison Magic


You had 3 spell levels left.
You knew the following spells:

 Your Spells              Type           Power      Damage    Failure   Level
a - Scorch                Fire           100%       2d9       1%          2
b - Poisonous Vapours     Pois/Air       100%       N/A       1%          2
c - Mephitic Cloud        Conj/Pois/Air  57%        N/A       1%          3
d - Sublimation of Blood  Necr           23%        N/A       1%          2
e - Tukima's Dance        Hex            38%        N/A       1%          3
f - Portal Projectile     Hex/Tloc       76%        N/A       1%          3
g - Ignite Poison         Fire/Tmut/Pois 52%        N/A       1%          3
h - Volatile Blastmotes   Fire/Tloc      90%        2d17      1%          3
i - Cigotuvi's Dreadful   Necr/Pois/Air  100%       N/A       1%          2
j - Freezing Cloud        Conj/Ice/Air   25%        6-21      3%          5
k - Irradiate             Conj/Tmut      21%        3d18      6%          5
l - Lee's Rapid Deconstr  Erth           11%        3d8*      22%         5

Your spell library contained the following spells:

 Spells                   Type           Power      Damage    Failure   Level
 Beastly Appendage        Tmut           92%        N/A       1%          1
 Magic Dart               Conj           100%       1d8       1%          1
 Necrotise                Necr           92%        1d8       1%          1
 Searing Ray              Conj           80%        2d7       1%          2
 Wereblood                Tmut           46%        N/A       1%          2
 Dazzling Flash           Conj/Hex       78%        N/A       1%          3
 Spider Form              Tmut/Pois      52%        N/A       1%          3
 Stone Arrow              Conj/Erth      62%        3d10      1%          3
 Vampiric Draining        Necr           23%        2d7       2%          3
 Fulminant Prism          Conj/Hex       19%        3d10      2%          4
 Iskenderun's Mystic Bla  Conj/Tloc      39%        2d9       2%          4
 Petrify                  Tmut/Erth      34%        N/A       4%          4
 Blade Hands              Tmut           23%        N/A       4%          5
 Summon Forest            Summ/Tloc      15%        N/A       14%         5
 Summon Mana Viper        Hex/Summ       30%        N/A       14%         5
 Agony                    Necr           23%        N/A       21%         5
 Starburst                Conj/Fire      23%        6d8       26%         6
 Summon Cactus Giant      Summ           10%        N/A       75%         6
 Lehudib's Crystal Spear  Conj/Erth      15%        10d5      100%        8
 Animate Armour           Summ/Erth      Unusable   N/A       N/A         4

Dungeon Overview and Level Annotations

Branches:
Dungeon (15/15)            Temple (1/1) D:5            Lair (5/5) D:9
  Swamp (0/4) Lair:2        Snake (0/4) Lair:3        Slime (0/5) Lair:5
    Orc (2/2) D:12            Elf (0/3) Orc:2        Vaults (0/5) D:14
 Depths (0/4) D:15

Altars:
Ashenzari
Cheibriados
Dithmenos
Elyvilon
Fedhas
Gozag
Hepliaklqana
Kikubaaqudgha
Makhleb
Nemelex Xobeh
Okawaru
Qazlal
Ru
Sif Muna
Trog
Uskayaw
Vehumet
Wu Jian
Xom
Yredelemnul
Zin
The Shining One
Jiyva

Shops:
D:5 :   D:6 ?   D:9 *   Orc:2 *(*(

Portals:
Abyss: D:4
Trove: D:10 (give 12 potions of heal wounds)

Annotations:
D:4 2 transporters, 0gre's ghost, amateur GnIE
D:6 3 runed translucent doors, Soraphim's ghost, amateur HOFi
D:11 2 transporters, AgateBread's ghost, journeyman TeFi
D:12 exclusions: tormentor and 1 more exclusion
D:14 2 transporters
Lair:2 1 runed translucent door, Pepete's ghost, journeyman DrFE
Orc:2 3 runed translucent doors, brody1818's ghost, journeyman HOWn


Innate Abilities, Weirdness & Mutations

Your life essence is reduced to manifest your ancestor. (-10% HP)
You can breathe wild blasts of lightning.
Your glossy black scales are hard. (AC +9)
You cannot fit into any form of body armour.
Your large and strong wings let you fly.
You are resistant to electric shocks. (rElec)
You are cold-blooded and may be slowed by cold attacks.


Message History

You shoot an arrow.
The arrow hits the freezing wraith but does no damage.
The freezing wraith is severely damaged.
You feel very sick.
The freezing wraith hits you but does no damage.
The freezing wraith misses you.
Fire: a) +9 longbow "Saurhoasch" {drain, rC+ rN+ Str+5 Stlth-}
Press: ? - help, Q - select action, (/) - cycle Shift-Dir - straight line, f/p - freezing wraith
Aim: a freezing wraith (severely damaged, 72% to hit)
You shoot an arrow.
The arrow hits the freezing wraith but does no damage.
The freezing wraith is severely damaged.
You feel very sick. The freezing wraith misses you.
The freezing wraith hits you.
* * * LOW HITPOINT WARNING * * *
The freezing wraith drains your vigour!
You feel as though you will be slow longer.
Activating: Breathe Lightning (1% risk of failure)
Press: ? - help, Dir - look around, f - activate You breathe a wild blast of lightning!
The orb of electricity explodes!
The orb of electricity engulfs the freezing wraith but does no damage.
The freezing wraith is severely damaged.
The orb of electricity engulfs you. You resist.
* * * LOW HITPOINT WARNING * * *
The orb of electricity explodes!
The orb of electricity engulfs the freezing wraith.
The freezing wraith is almost destroyed.
The orb of electricity engulfs you. You resist.
* * * LOW HITPOINT WARNING * * *
The orb of electricity explodes!
The orb of electricity engulfs you but does no damage.
The orb of electricity explodes!
The orb of electricity engulfs you! You resist.
* * * LOW HITPOINT WARNING * * *
The orb of electricity engulfs the freezing wraith!!
You destroy the freezing wraith!
* * * LOW HITPOINT WARNING * * *
You feel very sick.
You hear a shout!
You die...

▒▒▒▒▒▒▒▒▒▒▒▒▒▒▒∙∙∙▒▒∙▒
▒∙▒ ▒ ▒▒▒▒∙∙∙▒▒∙▒▒∙∙▒
▒ ▒∙∙∙∙∙∙∙∙∙∙∙∙▒ ▒
▒∙∙▒▒▒▒▒▒▒∙)▒▒ ▒
∙∙∙∙∙▒∩∙∙∙∙▒∙∙▒ ▒ ▒▒▒▒
▒/∙∙∙∙▒∙∙▒ ∙ ∙
▒∙∙∙∙∙▒∙∙▒ ∙∙ ▒
▒∙∙∙!∙▒∙∙▒ ∙∙∙
▒∙d∙)[▒∙∙▒


∙∙∙∙ ▒▒▒▒▒▒■■▒∙∙▒''▒▒▒ ∙!∙∙∙∙°∙k∙∙∙∙∙∙∙∙∙ ∙∙∙∙∙∙∙∙∙∙∙)†∙∙∙∙∙ ∙∙∙▒▒▒▒▒▒▒∙∙▒''▒▒▒
▒▒ ▒∙∙ ■∙∙▒ ∙∙ ▒∙∙ ■○∙▒ ▒∙ ▒∙∙▒ ▒∙ ▒∙∙▒ There were no monsters in sight!

Vanquished Creatures
  Rupert (D:12)
  Gastronok (D:12)
  Kirke (D:12)
  An ironbound preserver (D:14)
  2 dire elephants
  Fannar (D:12)
  2 rakshasas (D:15)
  An ice dragon (D:15)
  3 catoblepae
  4 hydras
  2 death knights (D:12)
  An anaconda (Lair:5)
  6 boulder beetles
  2 centaur warriors
  2 two-headed ogres
  Erica (D:8)
  An alligator (Lair:5)
  2 tengu warriors
  A deep troll shaman (Lair:5)
  12 death yaks
  3 orc high priests (Orc:2)
  Urug (Lair:5)
  Amaemon (D:10)
  A fire crab (Lair:5)
  2 skysharks
  A skeletal warrior (D:12)
  2 orc knights
  2 deep elf pyromancers
  2 wizards (D:14)
  2 wolf spiders (Lair:5)
  3 orc sorcerers
  7 elephants
  A salamander (D:15)
  12 ugly things
  A cyclops (Orc:1)
  2 manticores (D:12)
  7 black mambas
  A gargoyle (D:10)
  11 cane toads
  An orange demon (D:10)
  A kobold demonologist (D:12)
  6 komodo dragons
  A freezing wraith (D:14)
  4 rime drakes
  A tengu conjurer (D:13)
  6 trolls
  2 meliai (D:14)
  A polar bear (shapeshifter) (D:15)
  Prince Ribbit (D:5)
  Grinder (D:3)
  5 polar bears
  28 blink frogs
  4 dream sheep (Lair:3)
  Sigmund (D:4)
  7 slime creatures
  A vampire (D:12)
  3 wraiths (D:12)
  61 yaks
  16 fire elementals
  5 wyverns
  4 steam dragons
  4 basilisks
  A hog (D:12)
  4 vampire mosquitoes
  A warg (Orc:2)
  2 nagas (Lair:3)
  3 acid dragons
  17 water moccasins
  19 orc warriors
  A sky beast (D:7)
  An ice beast (D:5)
  2 black bears
  4 ogres
  13 centaurs
  22 wolves
  Blork the orc (D:9)
  An ancestor (Orc:1)
  2 kobold brigands
  15 bullfrogs
  3 scorpions
  A gnoll sergeant (D:12)
  A wight (D:9)
  13 killer bees
  4 howler monkeys
  3 electric eels (Lair:1)
  5 jellies
  23 orc priests
  3 hounds
  Natasha (thrice) (D:3)
  2 iguanas
  2 sleepcaps (D:6)
  26 orc wizards
  3 gnolls (D:5)
  9 adders
  A shadow imp (D:6)
  A white imp (D:7)
  3 worms
  3 dart slugs
  61 orcs
  9 bats
  13 endoplasms
  5 giant cockroaches
  3 goblins
  6 hobgoblins
  6 jackals (D:2)
  4 quokkas
  6 ball pythons
  2 frilled lizards
  14 kobolds
  6 rats
  2 foxfires
628 creatures vanquished.

Vanquished Creatures (collateral kills)
  A boulder beetle (D:15)
  A two-headed ogre (Orc:2)
  An orc high priest (Orc:2)
  13 ugly things
  A manticore (D:15)
  A meliai (D:14)
  2 trolls
  3 slime creatures
  A yak (D:12)
  3 fire elementals
  2 vampire mosquitoes (D:13)
  A warg (Orc:2)
  5 orc warriors (Orc:2)
  3 ogres (Orc:2)
  8 orc priests (Orc:2)
  7 orc wizards (Orc:2)
  6 orcs
59 creatures vanquished.

Vanquished Creatures (others)
  2 humans (D:12)
  3 battlemagi
  11 ancestors
  69 foxfires
85 creatures vanquished.

Grand Total: 772 creatures vanquished

Notes
Turn   | Place    | Note
-------+----------+-------------------------------------------
     0 | D:1      | Zeor the Draconian Cinder Acolyte began the quest for the
                  | Orb.
     0 | D:1      | Reached XP level 1. HP: 19/19 MP: 2/2
   101 | D:1      | Found a faded altar of an unknown god.
   296 | D:1      | Reached XP level 2. HP: 26/26 MP: 3/3
   390 | D:1      | Identified 2 scrolls of acquirement
   391 | D:1      | Acquired the +2 lajatang "Laurghy" {venom, rPois MP-9 Int+4
                  | Stlth+}
   395 | D:1      | Acquired the +9 longbow "Saurhoasch" {drain, rC+ rN+ Str+5
                  | Stlth-}
   816 | D:1      | Acquired the staff of fire "Hystribb" {rF+ rCorr Dex+6
                  | Stlth-}
  1044 | D:1      | Reached XP level 3. HP: 31/31 MP: 0/4
  1141 | D:1      | Learned a level 2 spell: Scorch
  1459 | D:2      | Reached skill level 1 in Dodging
  1549 | D:2      | Reached skill level 1 in Staves
  1553 | D:2      | Reached XP level 4. HP: 38/38 MP: 0/5
  1573 | D:2      | Found a shimmering altar of Xom.
  1583 | D:2      | Reached skill level 1 in Ranged Weapons
  1842 | D:2      | Identified the +0 leather armour of Zouxisugg {rC+ rN+}
  1975 | D:3      | Noticed Natasha
  1977 | D:3      | Killed Natasha
  1977 | D:3      | Noticed Grinder
  1978 | D:3      | Reached XP level 5. HP: 45/45 MP: 6/6
  2085 | D:3      | Noticed Natasha
  2086 | D:3      | Killed Natasha
  2089 | D:3      | Paralysed by Grinder for 2 turns
  2096 | D:3      | Killed Grinder
  2097 | D:3      | Reached XP level 6. HP: 52/52 MP: 0/7
  2222 | D:3      | Noticed Natasha
  2226 | D:3      | Killed Natasha
  2724 | D:4      | Noticed Sigmund
  2731 | D:4      | Killed Sigmund
  2732 | D:4      | Your scales start taking on a glossy black colour.
  2732 | D:4      | Reached XP level 7. HP: 50/59 MP: 8/8
  2732 | D:4      | Gained mutation: You are resistant to electric shocks.
                  | (rElec) [Black Draconian growth]
  2740 | D:4      | Learned a level 2 spell: Poisonous Vapours
  2776 | D:4      | Found an ornate altar of the Wu Jian Council.
  3212 | D:4      | Found a transporter.
  3214 | D:4      | Noticed a small abomination
  3267 | D:4      | Found a one-way gate to the infinite horrors of the Abyss.
  3267 | D:4      | Noticed 0gre's ghost (amateur GnIE)
  3270 | D:4      | Noticed an ancient zyme
  3297 | D:4      | Found a transporter.
  3449 | D:4      | Identified the +2 robe of a ziggurat {Rampage rElec Int+6}
  3515 | D:5      | Entered Level 5 of the Dungeon
  3519 | D:5      | Found a staircase to the Ecumenical Temple.
  3535 | D:5      | Reached skill level 5 in Ranged Weapons
  3600 | D:5      | Reached skill level 1 in Stealth
  3612 | D:5      | Noticed Prince Ribbit
  3616 | D:5      | Killed Prince Ribbit
  3668 | D:5      | Reached XP level 8. HP: 67/67 MP: 0/9
  4123 | D:5      | Found Dahuk's Self-Improvement Boutique.
  4209 | D:5      | Found a glowing silver altar of Zin.
  4469 | D:6      | Found Cow Qiuc's Magic Scroll Boutique.
  5008 | D:6      | Found an ancient bone altar of Kikubaaqudgha.
  5064 | D:6      | Found a runed translucent gate.
  5065 | D:6      | Found a runed translucent gate.
  5065 | D:6      | Found a runed translucent gate.
  5068 | D:6      | Noticed Soraphim's ghost (amateur HOFi)
  5131 | D:6      | Acquired a manual of Spellcasting
  5560 | D:6      | Bought 3 scrolls of identify for 60 gold pieces
  5560 | D:6      | Bought a scroll of fear for 40 gold pieces
  5560 | D:6      | Bought a scroll of identify for 20 gold pieces
  5560 | D:6      | Bought a scroll of identify for 20 gold pieces
  5642 | D:7      | Found a sacrificial altar of Ru.
  5675 | D:6      | Reached XP level 9. HP: 25/73 MP: 0/11
  5940 | D:7      | Reached skill level 5 in Fighting
  5973 | D:7      | Reached skill level 5 in Staves
  6084 | D:7      | Reached skill level 2 in Spellcasting
  6353 | D:7      | Noticed a brown ugly thing
  6368 | D:7      | Killed a brown ugly thing
  6603 | D:7      | Learned a level 3 spell: Mephitic Cloud
  7014 | D:7      | Reached skill level 3 in Spellcasting
  7057 | D:7      | Found a broken altar of Ashenzari.
  7342 | D:8      | Reached skill level 5 in Dodging
  7345 | D:8      | Noticed a troll
  7535 | D:8      | Reached skill level 1 in Air Magic
  7677 | D:8      | Noticed Erica
  7807 | D:9      | Found Pacaewn's Assorted Antiques.
  7815 | D:9      | Bought a pair of boots for 94 gold pieces
  7815 | D:9      | Bought a scroll labelled LIJOIMM KALAN for 21 gold pieces
  7960 | D:9      | Noticed a two-headed ogre
  8125 | D:9      | Killed a two-headed ogre
  8126 | D:9      | Reached skill level 4 in Spellcasting
  8126 | D:9      | Reached XP level 10. HP: 75/83 MP: 14/16
  8330 | D:9      | Reached skill level 1 in Poison Magic
  8342 | D:9      | Learned a level 2 spell: Sublimation of Blood
  8754 | D:9      | Reached skill level 5 in Spellcasting
  8785 | D:9      | Noticed Blork the orc
  8792 | D:9      | Killed Blork the orc
  8812 | D:9      | Found a staircase to the Lair.
  9342 | D:10     | Entered Level 10 of the Dungeon
  9369 | D:10     | Found a white marble altar of Elyvilon.
  9378 | D:10     | Found a hazy altar of Hepliaklqana.
  9754 | D:10     | Reached skill level 6 in Spellcasting
  9761 | D:10     | Reached XP level 11. HP: 67/91 MP: 3/20
 10131 | D:10     | Found a portal to a secret trove of treasure.
 10137 | D:10     | Noticed a boulder beetle
 10160 | D:10     | Killed a boulder beetle
 10553 | D:8      | Killed Erica
 10554 | D:8      | Reached skill level 7 in Spellcasting
 11388 | Lair:1   | Entered Level 1 of the Lair of Beasts
 11637 | Lair:1   | Reached skill level 10 in Ranged Weapons
 12029 | Lair:1   | Learned a level 3 spell: Tukima's Dance
 12033 | Lair:1   | Learned a level 3 spell: Portal Projectile
 12262 | Lair:1   | Reached skill level 1 in Conjurations
 12768 | Lair:1   | Reached skill level 1 in Translocations
 12768 | Lair:1   | Reached XP level 12. HP: 101/101 MP: 17/23
 13307 | Lair:2   | Noticed an eight-headed hydra
 13339 | Lair:2   | Reached skill level 8 in Spellcasting
 13387 | Lair:2   | Killed an eight-headed hydra
 13465 | Lair:2   | Found a runed translucent door.
 13466 | Lair:2   | Noticed Pepete's ghost (journeyman DrFE)
 13771 | Lair:2   | Found a staircase to the Swamp.
 13995 | Lair:2   | Identified the +2 ring mail "Leago" {SInv}
 14130 | Lair:2   | Learned a level 3 spell: Ignite Poison
 14570 | Lair:3   | Noticed a catoblepas
 14582 | Lair:3   | Reached skill level 1 in Hexes
 14592 | Lair:3   | Killed a catoblepas
 14938 | Lair:3   | Reached skill level 9 in Spellcasting
 15123 | Lair:3   | Learned a level 3 spell: Volatile Blastmotes
 15188 | Lair:3   | Reached skill level 1 in Transmutations
 15517 | Lair:3   | Found a hide-covered altar of Uskayaw.
 15662 | Lair:3   | Found a staircase to the Snake Pit.
 15753 | Lair:3   | Noticed a boulder beetle
 15763 | Lair:3   | Killed a boulder beetle
 15922 | Lair:3   | Reached skill level 10 in Spellcasting
 15922 | Lair:3   | Reached XP level 13. HP: 30/111 MP: 1/27
 18068 | Lair:4   | Reached skill level 10 in Fighting
 18380 | Lair:5   | Entered Level 5 of the Lair of Beasts
 18450 | Lair:5   | Reached skill level 11 in Spellcasting
 18706 | Lair:4   | HP: 2/169 [cane toad (11)]
 19023 | Lair:5   | Reached skill level 5 in Air Magic
 19566 | Lair:5   | Found a staircase to the Slime Pits.
 19566 | Lair:5   | Found a viscous altar of Jiyva.
 20073 | Lair:5   | Noticed Urug
 20079 | Lair:5   | Killed Urug
 20493 | Lair:5   | Learned a level 2 spell: Cigotuvi's Dreadful Rot
 20543 | Lair:5   | Gained mutation: Your large and strong wings let you fly.
                  | [Black Draconian growth]
 20543 | Lair:5   | Reached XP level 14. HP: 68/122 MP: 10/29
 21830 | Temple   | Entered the Ecumenical Temple
 21962 | D:10     | Fell from the grace of Ignis
 21962 | D:10     | Became a worshipper of Hepliaklqana the Forgotten
 22143 | Lair:5   | Reached skill level 10 in Dodging
 22150 | Lair:5   | Reached skill level 12 in Spellcasting
 23673 | Lair:5   | Identified the +6 arbalest "Orb Guardian's Regret" {flame,
                  | rF+ Will+ Int-4}
 23768 | Lair:5   | Learned a level 5 spell: Freezing Cloud
 24321 | D:10     | Noticed Amaemon
 24331 | D:10     | Killed Amaemon
 24798 | D:11     | Found a bloodstained altar of Trog.
 24798 | D:11     | Noticed AgateBread's ghost (journeyman TeFi)
 25133 | D:11     | Reached * piety under Hepliaklqana
 25197 | D:11     | Found a transporter.
 25197 | D:11     | Found a transporter.
 25360 | D:12     | Reached skill level 5 in Poison Magic
 25448 | D:12     | Noticed Rupert
 25454 | D:12     | Killed Rupert
 26097 | D:12     | Noticed Gastronok
 26248 | D:12     | Killed Gastronok
 26336 | D:12     | Noticed Kirke
 26346 | D:12     | Killed Kirke
 26599 | D:12     | Noticed Fannar
 27328 | D:12     | Was forgiven by Ignis
 27885 | D:12     | Killed Fannar
 28725 | D:12     | Found a staircase to the Orcish Mines.
 28812 | D:12     | Identified the +0 cloak "Zemun" {rElec rC+ Str-5 Int+5}
 29180 | D:12     | HP: 5/111 [??? (2)]
 29811 | Orc:1    | Entered Level 1 of the Orcish Mines
 29940 | Orc:1    | Reached XP level 15. HP: 85/117 MP: 12/31
 30413 | Orc:2    | Entered Level 2 of the Orcish Mines
 30413 | Orc:2    | Reached ** piety under Hepliaklqana
 30414 | Orc:2    | Remembered your ancestor Thabo as a battlemage
 30671 | Orc:2    | Reached skill level 13 in Spellcasting
 30988 | Orc:2    | Found a staircase to the Elven Halls.
 31201 | Orc:2    | Found Hostrag's Assorted Antiques.
 31201 | Orc:2    | Found Nipuumny's General Store.
 31204 | Orc:2    | Found Firaud's Antique Weapon Shoppe.
 31204 | Orc:2    | Found Puyplo's Weapon Emporium.
 31229 | Orc:2    | Bought a potion of might for 64 gold pieces
 31229 | Orc:2    | Bought a potion of haste for 160 gold pieces
 31230 | Orc:2    | Bought a scroll of fog for 124 gold pieces
 31230 | Orc:2    | Bought a pair of runed gloves for 232 gold pieces
 31230 | Orc:2    | Bought a potion of might for 124 gold pieces
 31452 | Orc:2    | Found a runed translucent gate.
 31452 | Orc:2    | Found a runed translucent gate.
 31452 | Orc:2    | Found a runed translucent gate.
 31910 | Orc:2    | Noticed brody1818's ghost (journeyman HOWn)
 32082 | D:13     | Reached *** piety under Hepliaklqana
 32368 | D:13     | You are sucked into a shaft and drop 2 floors!
 32368 | D:15     | Entered Level 15 of the Dungeon
 32794 | D:15     | Learned a level 5 spell: Irradiate
 33317 | D:15     | Found a staircase to the Depths.
 33476 | D:14     | Reached skill level 1 in Ice Magic
 33532 | D:14     | Found a transporter.
 33715 | D:14     | Found a transporter.
 33722 | D:14     | Noticed an acid blob
 33752 | D:14     | Learned a level 5 spell: Lee's Rapid Deconstruction
 33825 | D:14     | Found a gate to the Vaults.
 33856 | D:14     | HP: 3/117 [shot self (11)]
 33856 | D:14     | HP: 1/117 [poisoned by something (dark miasma)]
 33857 | D:14     | Succumbed to something's dark miasma

Illustrated notes

Levels and vault maps discovered:
D:1:      dpeg_arrival_simpleton_c, layout_loops_corners,
          basic_ecumenical_altar, minmay_unequal
D:2:      layout_rooms, basic_altar
D:3:      layout_rooms, uniq_natasha, uniq_grinder
D:4:      layout_loops_ring, mainiacjoe_overflow_chevrons,
          gammafunk_ghost_abyssal_escape, uniq_sigmund
D:5:      layout_basic, kennysheep_little_box, minmay_temple_entry_overgrown,
          nicolae_shop_self_help, uniq_prince_ribbit1
D:6:      layout_layer_cave, kiku_gazebo_garden_becter,
          ebering_ghost_rock_garden, serial_shops, nicolae_inconvenience_store
D:7:      layout_basic, nicolae_ru_awakened_eye, cheibrodos_ashenzari_chains,
          kennysheep_generic_room_11
D:8:      layout_basic, uniq_erica
D:9:      layout_gridville, lair_entry_dummy, serial_shops,
          nicolae_shop_dealshenge, minmay_misc_feat_roman, sword_in_stone
D:10:     layout_loops_ring, amethyst_overflow_temple_binary,
          nicolae_trove_entry_crossroad, uniq_amaemon
D:11:     layout_cave_pools, gammafunk_ghost_wrathful_warriors
D:12:     cheibrodos_tormentor_scu, layout_loops_cross, orc_0_dummy,
          minmay_circle_x, uniq_kirke, uniq_gastronok, uniq_rupert, uniq_fannar
D:13:     layout_grid_maze
D:14:     gammafunk_cloud_chamber, layout_loops_ring,
          skrybe_vaults_entry_preservation, minmay_staircase_windowed_small
D:15:     hangedman_depths_entry_try_elsewhere_first, layout_loops_ring
Temple:   nicolae_temple_no_exploring_needed
Lair:1:   layout_cave_pods, serial_bayou_shore_a
Lair:2:   layout_gridlike, swamp_mist_pool, ebering_ghost_reflecting_pool,
          lemuel_fruit_fields
Lair:3:   layout_chaotic_city, guppyfry_snake_entry_island, basic_altar
Lair:4:   layout_layer_cave, chequers_serial_rivers_small_b
Lair:5:   grunt_lair_end_beastmaster, layout_cave_pods,
          minmay_slime_entry_pillars, chequers_serial_rivers_room_b,
          minmay_shattered_shrine, lemuel_fruit_tree, uniq_urug
Orc:1:    layout_caves, basic_altar
Orc:2:    st_orc_mages, layout_caves, gammafunk_ghost_necromancy, basic_altar

Skill      XL: |  1  2  3  4  5  6  7  8  9 10 11 12 13 14 15 |
---------------+----------------------------------------------+-----
Dodging        | 1 2 3 4 5 6 7 8 9 10 11 | 11.2
Staves         | 1 2 3 4 6 7 8 9 |  9.8
Ranged Weapons | 2 3 4 6 7 8 9 10 11 12 | 12.7
Fighting       | 4 6 7 9 10 11 | 11.6
Stealth        | 1 2 3 |  3.9
Spellcasting   | 4 6 7 10 11 12 13 | 13.7
Air Magic      | 1 2 3 4 5 8 9 |  9.4
Poison Magic   | 2 3 4 5 6 |  6.0
Conjurations   | 1 2 |  2.8
Translocations | 1 2 |  2.5
Hexes          | 1 2 |  2.6
Transmutations | 1 2 3 |  3.8
Fire Magic     | 4 |  4.6
Ice Magic      | 1 |  1.2
Long Blades    | |  3.6
Necromancy     | |  0.2

Action                     |  1- 3 |  4- 6 |  7- 9 | 10-12 | 13-15 || total
---------------------------+-------+-------+-------+-------+-------++-------
  Melee: Falchion          |    40 |       |       |       |       ||    40
         Tailslap          |     3 |       |    12 |    21 |    20 ||    56
         Lajatang          |    22 |    17 |   116 |   148 |   146 ||   449
   Fire: Longbow           |    30 |    60 |   161 |   365 |   806 ||  1422
   Cast: Scorch            |     1 |       |     1 |       |       ||     2
         Poisonous Vapours |       |       |    10 |    28 |    75 ||   113
         Mephitic Cloud    |       |       |       |    36 |    71 ||   107
         Portal Projectile |       |       |       |    16 |    53 ||    69
         Ignite Poison     |       |       |       |    13 |    91 ||   104
         Volatile Blastmot |       |       |       |     2 |    11 ||    13
         Sublimation of Bl |       |       |       |     1 |       ||     1
         Cigotuvi's Dreadf |       |       |       |       |     3 ||     3
         Tukima's Dance    |       |       |       |       |     1 ||     1
         Freezing Cloud    |       |       |       |       |    12 ||    12
         Lee's Rapid Decon |       |       |       |       |     1 ||     1
         Irradiate         |       |       |       |       |     1 ||     1
 Invoke: Fiery Armour      |       |       |       |     4 |     4 ||     8
         Foxfire Swarm     |       |       |       |     2 |     2 ||     4
         Recall Ancestor   |       |       |       |       |     2 ||     2
         Ancestor Identity |       |       |       |       |     1 ||     1
         Rising Flame      |       |       |       |       |     1 ||     1
         Ancestor Life: Ba |       |       |       |       |     1 ||     1
Ability: Breathe Lightning |       |       |     7 |     6 |    10 ||    23
  Evoke: Wand              |       |       |       |     1 |     1 ||     2
    Use: Scroll            |     6 |     7 |    12 |     8 |    19 ||    52
         Potion            |       |       |     3 |     2 |     6 ||    11
   Stab: Confused          |       |       |       |     4 |       ||     4
         Petrified         |       |       |       |     5 |     2 ||     7
 Armour: Skin              |    38 |    18 |    59 |   102 |   257 ||   474
  Dodge: Dodged            |    31 |    30 |    80 |   210 |   355 ||   706
